 Dungeon Crawl Stone Soup version 0.30-a0-223-gcb0039aa0c (webtiles) character file.

Game seed: 9184939824708823176

2459 sscrono2 the Martial Artist (level 9, -13/56 HPs)
             Began as an Octopode Delver on Oct 9, 2022.
             Was a Believer of Wu Jian.
             Killed from afar by a steam dragon (27 damage)
             ... with a ball of steam
             ... on level 7 of the Dungeon.
             The game lasted 00:16:52 (6906 turns).

sscrono2 the Martial Artist (Octopode Delver)       Turns: 6906, Time: 00:16:53

Health: -13/56     AC:  1    Str: 23    XL:     9   Next: 50%
Magic:  12/12      EV: 13    Int: 23    God:    Wu Jian [**....]
Gold:   267        SH:  0    Dex: 13    Spells: 9/12 levels left

rFire   . . .      SeeInvis .      - Unarmed
rCold   . . .      Faith    .    (no shield)
rNeg    . . .      Spirit   .    (helmet restricted)
rPois   .          Reflect  .    t - amulet of magic regeneration
rElec   .          Harm     .    i - +6 ring of strength
rCorr   .          Rampage  .    x - ring of wizardry
Will    .....                    y - +6 ring of strength
Stlth   ++++......               B - +6 ring of intelligence
HPRegen 0.29/turn                (no ring)
MPRegen 0.53/turn                (no ring)
                                 (no ring)
                                 (no ring)

@: no status effects
A: almost no armour, amphibious, 8 rings, camouflage 1, gelatinous body 1,
(nimble swimmer 1), tentacles
a: Renounce Religion, Wall Jump


You were on level 7 of the Dungeon.
You worshipped Wu Jian.
Wu Jian was pleased with you.
You visited 2 branches of the dungeon, and saw 8 of its levels.
You also visited: Sewer.

You collected 267 gold pieces.

Inventory:

Missiles
 k - a curare-tipped dart
 r - 38 poisoned darts (quivered)
 w - a throwing net
Magical Staves
 z - a staff of cold
Jewellery
 i - a +6 ring of strength (left tentacle)
 t - an amulet of magic regeneration (around mantle)
 x - a ring of wizardry (right tentacle)
 y - a +6 ring of strength (on tentacle)
 B - a +6 ring of intelligence (on tentacle)
Wands
 e - a wand of digging (3)
 m - a wand of light (2)
 C - a wand of iceblast (1)
Scrolls
 a - a scroll of fog
 c - a scroll of fear
 f - 6 scrolls of teleportation
 j - 3 scrolls of immolation
 n - 2 scrolls of amnesia
 o - a scroll of torment {unknown}
 p - 2 scrolls of blinking
 q - a scroll of noise
 A - a scroll of enchant armour {unknown}
Potions
 b - a potion of curing
 d - 2 potions of haste
 g - a potion of flight {unknown}
 h - a potion of brilliance
 l - a potion of attraction {unknown}
 s - a potion of magic {unknown}
 u - a potion of resistance {unknown}
 v - a potion of invisibility


   Skills:
 - Level 3.0 Fighting
 - Level 2.0 Dodging
 - Level 6.6 Stealth
 * Level 11.9 Unarmed Combat
 + Level 2.4 Spellcasting
 + Level 2.6 Transmutations


You had 9 spell levels left.
You knew the following spells:

 Your Spells              Type           Power      Damage    Failure   Level
a - Spider Form           Tmut/Pois      8%         N/A       9%          3

Your spell library contained the following spells:

 Spells                   Type           Power      Damage    Failure   Level
 Blink                    Tloc           4%         N/A       8%          2
 Ensorcelled Hibernation  Hex/Ice        4%         N/A       8%          2
 Momentum Strike          Conj/Tloc      4%         3d8       8%          2
 Lesser Beckoning         Tloc           4%         N/A       16%         3
 Anguish                  Hex/Necr       1%         N/A       43%         4


Dungeon Overview and Level Annotations

Branches:
Dungeon (7/15)             Temple (1/1) D:4           Sewer (visited)

Altars:
Ashenzari
Cheibriados
Dithmenos
Elyvilon
Fedhas
Gozag
Hepliaklqana
Kikubaaqudgha
Makhleb
Nemelex Xobeh
Okawaru
Qazlal
Ru
Sif Muna
Trog
Uskayaw
Vehumet
Wu Jian
Xom
Yredelemnul
Zin
The Shining One

Shops:
D:7 *


Innate Abilities, Weirdness & Mutations

You cannot wear most types of armour.
You are amphibious.
You can wear up to eight rings at the same time.
Your skin changes colour to match your surroundings (Stealth+).
Your rubbery body absorbs attacks. (AC +1, EV +1)
((You are camouflaged when in or above water. (Stealth+)))
You have tentacles for arms and can constrict up to eight enemies at once.


Message History

The Council accepts your kill.
No target in view!
No target in view!
There is a stone staircase leading down here.
You climb downwards.
The gnoll completely misses you.
There is a stone staircase leading up here.
You bludgeon the gnoll! Your grab misses the gnoll. You squeeze the gnoll.
You kill the gnoll!
The Council accepts your kill. The gnoll misses you.
You lunge at the gnoll.
You bludgeon the gnoll!
You kill the gnoll!
The Council accepts your kill.
No target in view!
No target in view!
A steam dragon comes into view.
A steam dragon is nearby!
Okay, then.
Okay, then.
You lunge at the steam dragon.
The helpless steam dragon fails to defend itself.
You tentacle-slap the steam dragon but do no damage.
You tentacle-slap the steam dragon.
The steam dragon is lightly wounded.
The steam dragon breathes steam at you. The ball of steam hits you!!
You hear a shout!
You bludgeon the steam dragon!
Your tentacle-slap misses the steam dragon.
The steam dragon is heavily wounded.
You are engulfed in a cloud of scalding steam.
The steam dragon bites you! The steam dragon closely misses you.
You completely miss the steam dragon.
The steam dragon is heavily wounded.
You are engulfed in a cloud of scalding steam.
* * * LOW HITPOINT WARNING * * *
Unknown command.
The steam dragon breathes steam at you. The ball of steam hits you!!
You die...

##########.#
#..........##
#...........#
#...........# #####
#...........#####...####
######.###...#......#...
#.# #..............
#.####............. #.@#
#.......###### ##§#
#.......# ♣♣♣ #D#
#.......#♣♣§♣♣ #.#
#.......#♣..§♣ #.#
#.......#..§.. #.#
#............. #.#
#..#....).....
#.###..####.#..⌠..
#..........g#♣...♣


You could see a steam dragon (catching breath).

Vanquished Creatures
  Sigmund (D:5)
  Duvessa (D:6)
  A black bear (D:6)
  An ice beast (D:6)
  An orc warrior (D:6)
  2 ogres
  A phantom (D:5)
  6 kobold brigands
  2 bullfrogs
  5 scorpions
  A gnoll sergeant (D:6)
  Dowan (D:6)
  2 hounds (D:4)
  A jelly (D:5)
  2 gnoll boudas (D:6)
  3 iguanas
  3 orc wizards
  7 gnolls
  14 adders
  4 river rats
  3 shadow imps
  3 ufetubi
  4 worms
  3 dart slugs
  6 orcs
  14 ball pythons
  6 bats
  3 bat skeletons (D:5)
  3 bat zombies (D:5)
  18 endoplasms
  8 giant cockroaches
  7 hobgoblins
  10 jackals
  4 quokkas
  3 frilled lizards
  8 goblins
  12 kobolds
  10 rats
184 creatures vanquished.

Notes
Turn   | Place    | Note
-------+----------+-------------------------------------------
     0 | D:5      | sscrono2 the Octopode Delver began the quest for the Orb.
     0 | D:5      | Reached XP level 1. HP: 16/16 MP: 1/1
    45 | D:5      | Reached XP level 2. HP: 18/21 MP: 2/2
    49 | D:5      | Reached skill level 3 in Unarmed Combat
   141 | D:5      | Noticed a scorpion
   217 | D:5      | Found an ancient bone altar of Kikubaaqudgha.
   221 | D:5      | Reached XP level 3. HP: 24/26 MP: 3/3
   317 | D:5      | Found a shimmering blue altar of Sif Muna.
   498 | D:4      | Reached skill level 4 in Unarmed Combat
   566 | D:4      | Reached XP level 4. HP: 31/31 MP: 4/4
  1415 | D:1      | Found a faded altar of an unknown god.
  1431 | D:1      | Reached skill level 5 in Unarmed Combat
  1464 | D:1      | Reached XP level 5. HP: 36/36 MP: 5/5
  2915 | D:4      | Reached skill level 6 in Unarmed Combat
  2915 | D:4      | Reached XP level 6. HP: 35/42 MP: 6/6
  2916 | D:4      | Noticed a black bear
  3368 | D:4      | Found a staircase to the Ecumenical Temple.
  3380 | Temple   | Entered the Ecumenical Temple
  3509 | Temple   | Became a worshipper of the Wu Jian Council
  3752 | D:5      | Noticed an ice beast
  3819 | D:5      | Noticed Sigmund
  3927 | D:5      | Killed Sigmund
  3928 | D:5      | Reached skill level 7 in Unarmed Combat
  3928 | D:5      | Reached XP level 7. HP: 41/46 MP: 7/7
  3992 | D:5      | Reached skill level 8 in Unarmed Combat
  4658 | D:6      | Noticed Duvessa
  4667 | D:6      | Reached skill level 9 in Unarmed Combat
  4667 | D:6      | Reached XP level 8. HP: 36/52 MP: 8/8
  4668 | D:6      | Noticed Dowan
  4677 | D:6      | Killed Duvessa
  4730 | D:6      | Found a glowing drain.
  4735 | Sewer    | Entered a sewer
  5061 | Sewer    | Reached skill level 10 in Unarmed Combat
  5134 | Sewer    | Reached * piety under Wu Jian
  5638 | D:6      | Killed Dowan
  5639 | D:6      | Reached skill level 11 in Unarmed Combat
  5940 | D:6      | Learned a level 3 spell: Spider Form
  5957 | D:6      | Reached XP level 9. HP: 56/56 MP: 9/9
  6069 | D:6      | Reached skill level 1 in Spellcasting
  6069 | D:6      | Reached skill level 1 in Transmutations
  6155 | D:6      | Reached ** piety under Wu Jian
  6759 | D:7      | Found Ziaso's Fire Supplies.
  6906 | D:7      | Killed from afar by a steam dragon

Illustrated notes

Levels and vault maps discovered:
D:1:      dpeg_arrival_rooms_with_view, layout_basic,
          hellmonk_ecumenical_altar_zigzags
D:2:      layout_rooms
D:3:      layout_loops_corners
D:4:      layout_basic, minmay_temple_entry_poolview
D:5:      layout_basic, led_sif_pool, kennysheep_vampire_church, uniq_sigmund
D:6:      layout_loops_ring, portal_sewer_entry_e, minmay_bent, uniq_duvessa
D:7:      layout_rooms, nicolae_shop_fire_sale [nicolae_sub_dead_trees],
          uniq_crazy_yiuf_cottage, uniq_prince_ribbit1
Temple:   nicolae_temple_bog_church

Skill      XL: |  1  2  3  4  5  6  7  8  9 |
---------------+----------------------------+-----
Unarmed Combat | 3 4 5 6 7 9 11 | 11.9
Spellcasting   | 2 |  2.4
Transmutations | 2 |  2.6
Fighting       | |  3.0
Dodging        | |  2.0
Stealth        | |  6.6

Action                   |  1- 3 |  4- 6 |  7- 9 || total
-------------------------+-------+-------+-------++-------
Melee: Unarmed           |    27 |   148 |   198 ||   373
       Constrict         |     7 |    37 |    40 ||    84
       Tentacles         |     3 |    24 |    35 ||    62
       Punch             |       |     3 |    12 ||    15
Throw: Dart              |       |       |     8 ||     8
 Cast: Spider Form       |       |       |     2 ||     2
Invok: Lunge             |       |     1 |    33 ||    34
Evoke: Wand              |       |       |     1 ||     1
  Use: Scroll            |     1 |     6 |     5 ||    12
       Potion            |       |       |     5 ||     5
 Stab: Sleeping          |     4 |    40 |    24 ||    68
       Distracted        |     1 |       |     1 ||     2
       Invisible         |       |       |     1 ||     1
Armor: Skin              |     5 |     7 |     3 ||    15
Dodge: Dodged            |    11 |    66 |    68 ||   145

Table legend: (Time is in decaauts)
 A = Elapsed time spent in this place.
 B = Non-inter-level travel time spent in this place.
 C = Inter-level travel time spent in this place.
 D = Time resting spent in this place.
 E = Time spent auto-exploring this place.
 F = Levels seen in this place.
 G = Mean time per level.
                   A        B        C        D        E       F      G
               +--------+--------+--------+--------+--------+-----+--------+
         Total |   6860 |   6418 |    442 |   1084 |   3696 |   9 |  762.2 |
       Dungeon |   5873 |   5446 |    427 |    969 |   3070 |   7 |  839.0 |
        Temple |    149 |    134 |     15 |      0 |    101 |   1 |  149.0 |
         Sewer |    838 |    838 |      0 |    115 |    525 |   1 |  838.0 |
               +--------+--------+--------+--------+--------+-----+--------+

Top non-repeatable levels by time:
     D:5: 1297 daAuts
     D:6: 1152 daAuts
     D:4: 1074 daAuts
     D:3: 925 daAuts
   Sewer: 838 daAuts
     D:2: 594 daAuts
     D:1: 577 daAuts
     D:7: 251 daAuts
  Temple: 149 daAuts
